Map: 10000 Feet LE

Players

Avius

  • Race: Terran Terran
  • League: Platinum
  • Spawn Location: 11:00

A.I. 1 (Very Easy) - Winner!

  • Race: Zerg Zerg
  • Spawn Location: 5:00

VOD

Have the link to the VOD?

Description

Time

  • Played on: March 23, 2026, 7:36 a.m.
  • Length: 7:32
Show
View Real Time Build Order
Export as new Build Order

Avius Terran 

Build Orders: Hellion Opening 

Get SALT Encoding   

  12  0:00  SCV  
  13  0:12  SCV  
  14  0:17  Supply Depot  
  14  0:25  SCV  
  15  0:29  Refinery  
  15  0:41  Barracks  
  15  0:45  SCV  
  16  0:52  Refinery  
  16  0:57  SCV  
  17  1:09  SCV  
  18  1:13  Supply Depot  
  18  1:21  SCV  
  19  1:30  Factory  
  19  1:35  SCV  
  20  1:45  Barracks Reactor  
  20  1:53  Orbital Command  
  20  2:18  Armory  
  20  2:19  SCV  
  21  2:30  Barracks Tech Lab  
  21  2:31  Hellion x2  
  25  2:37  Supply Depot  
  25  2:38  SCV  
  26  2:51  SCV  
  27  2:52  Hellion  
  27  2:53  Hellion  
  27  2:56  Concussive Shells  
  31  3:03  SCV  
  32  3:14  Hellion x2  
  32  3:18  SCV  
  37  3:23  Supply Depot  
  37  3:49  Infernal Pre-Igniter, Command Center  
  37  3:54  Marine x2  
  39  3:57  SCV  
  40  4:03  Terran Vehicle Weapons Level 1  
  40  4:11  SCV  
  40  4:16  Siege Tank  
  44  4:26  SCV  
  45  4:32  Supply Depot  
  45  4:37  Starport  
  45  4:39  Engineering Bay  
  45  4:48  Factory  
  45  5:11  Siege Tank  
  48  5:16  Refinery  
  48  5:18  Starport Tech Lab  
  48  5:25  Fusion Core  
  48  5:26  SCV  
  50  5:37  Orbital Command  
  49  5:44  Refinery  
  49  5:53  Hellbat  
  49  5:54  Hellbat, Siege Tank  
  49  5:55  Barracks Tech Lab  
  56  6:14  Battlecruiser  
  62  6:26  Siege Tank  
  65  6:37  Hellbat x2  
Show
View Real Time Build Order
Export as new Build Order

A.I. 1 (Very Easy) Zerg - Winner!

Build Orders: Pool First 

Get SALT Encoding   

  12  0:01  Drone  
  13  0:12  Overlord  
  13  0:16  Drone  
  14  0:36  Spawning Pool  
  14  0:37  Extractor  
  14  0:39  Drone  
  13  0:46  Drone  
  14  0:51  Overlord  
  14  1:22  Zergling x2  
  14  1:25  Queen  
  17  1:34  Roach Warren  
  17  1:35  Extractor  
  17  1:39  Drone  
  16  1:46  Drone  
  17  1:48  Zergling x2  
  18  2:04  Drone  
  19  2:11  Drone  
  19  2:14  Zergling x2  
  21  2:22  Drone  
  22  2:31  Overlord  
  22  2:34  Drone  
  23  2:39  Roach  
  23  2:41  Drone  
  26  2:48  Drone  
  27  6:57  Zergling x2  
  27  7:04  Drone  
  27  7:05  Overlord  
  28  7:12  Drone  
  30  7:25  Hatchery  
Tags
 
Add a new tag
Caveats
  • Supply blocks, unpowered buildings, or Contaminate may cause inaccurate times.
  • Supply counts are checked every 10 seconds.